 Dungeon Crawl Stone Soup version 0.29.1-12-g30fa7ad0bf (webtiles) character file.

Game seed: 10135018940228480359

540114 croobank the Stickfighter (level 25, -19/180 (202) HPs)
             Began as a Gnoll Summoner on Dec 20, 2022.
             Was an Elder of Jiyva.
             Killed from afar by Josephina (46 damage)
             ... with a ghostly fireball
             ... on level 3 of the Depths on Dec 21, 2022.
             The game lasted 07:21:38 (87757 turns).

croobank the Stickfighter (Gnoll Summoner)         Turns: 87757, Time: 07:21:38

HP:   -19/180 (202) AC: 17    Str: 13    XL:     25   Next: 29%
MP:   40/45         EV: 32    Int: 23    God:    Jiyva [****..]
Gold: 13284         SH:  0    Dex: 15    Spells: 3/60 levels left

rFire   + . .      SeeInvis .     - Unarmed
rCold   . . .      Faith    .   (shield currently unavailable)
rNeg    . . .      Spirit   .   (body armour currently unavailable)
rPois   ∞          Reflect  .   (helmet currently unavailable)
rElec   +          Harm     .   (cloak currently unavailable)
rCorr   +          Rampage  .   (gloves currently unavailable)
Will    ++...                   (boots currently unavailable)
Stlth   +++++++...              a - amulet of regeneration
HPRegen 2.48/turn               z - ring of protection from fire
MPRegen 0.69/turn               K - ring of Quraunueta {Will+ Str+4}

@: storm-form, flying, studying 2 skills, heavily drained
A: cleaving, insubstantial, flying, (fangs 1), strong nose, distributed
training, (poison resistance), (translucent skin 3)
}: 4/15 runes: barnacled, silver, abyssal, gossamer
a: Blinkbolt, End Transformation, Renounce Religion, Oozemancy, Slimify


You were on level 3 of the Depths.
You worshipped Jiyva.
Jiyva was greatly pleased with you.
You were a lightning-filled tempest!
You visited 10 branches of the dungeon, and saw 49 of its levels.
You visited the Abyss 2 times.
You also visited: Ice Cave and Volcano.

You collected 22969 gold pieces.
You spent 7362 gold pieces at shops.
You paid 2323 gold pieces to Gozag.

Inventory:

Hand Weapons
 g - a +5 vampiric broad axe
 n - the +6 flail "Bakhlaely" {antimagic, Will+ Str+4 Int+4}
   (You found it on level 5 of the Lair of Beasts)

   It reduces the magical energy of the wielder, and disrupts the spells and
   magical abilities of those it strikes.
   Natural abilities and divine invocations are not affected.
   Str:       It affects your strength (+4).
   Int:       It affects your intelligence (+4).
   Will:      It increases your willpower.
 v - the +8 morningstar of the Slime-mould {holy, Will+}
   (You took it off an ironbound convoker on level 3 of the Vaults)

   It has been blessed by the Shining One to cause great damage to the undead
   and demons.
   Will:      It increases your willpower.
 I - a +3 dagger (melded)
 U - the +5 short sword "Vockeapp" {drain, *Corrode rElec Will+ Stlth+}
   (You found it on level 4 of the Shoals)

   A truly terrible weapon, it drains the life of any living foe it strikes.
   rElec:     It insulates you from electricity.
   *Corrode:  It may corrode you when you take damage.
   Will:      It increases your willpower.
   Stlth:     It makes you more stealthy.
Armour
 b - the +2 pair of boots "Iwkuwum" (melded) {rC- rN+++ Will- Dex+8}
   (You found it on level 1 of the Crypt)

   Dex:       It affects your dexterity (+8).
   rC:        It makes you vulnerable to cold.
   rN:        It renders you almost immune to negative energy.
   Will:      It decreases your willpower.
 f - a +3 buckler of protection (melded)
 i - a +1 cloak of willpower (melded)
 L - a +2 helmet of intelligence (melded)
 N - a +2 robe of the Archmagi (melded)
 T - a +2 pair of gloves of dexterity (melded)
Jewellery
 a - an amulet of regeneration (around neck)
 c - a +6 ring of intelligence
 z - a ring of protection from fire (left fist)
 B - a ring of positive energy
 F - the ring "Xaihaumu" {Will++ Int+6 Dex+4 Slay-3 SInv}
   (You found it on level 3 of the Crypt)

   [ring of intelligence]

   Int:       It affects your intelligence (+6).
   Dex:       It affects your dexterity (+4).
   Slay:      It affects your accuracy & damage with ranged weapons and melee
   (-3).
   SInv:      It lets you see invisible.
   Will:      It greatly increases your willpower.
 G - the ring "Igya" {rPois rC++ rCorr Int-3 Dex+4}
   (You found it on level 7 of the Dungeon)

   [ring of poison resistance]

   Int:       It affects your intelligence (-3).
   Dex:       It affects your dexterity (+4).
   rC:        It greatly protects you from cold.
   rPois:     It protects you from poison.
   rCorr:     It protects you from acid and corrosion.
 K - the ring of Quraunueta (right fist) {Will+ Str+4}
   (You took it off a deep elf demonologist on level 3 of the Elven Halls)

   [ring of willpower]

   Str:       It affects your strength (+4).
   Will:      It increases your willpower.
 M - a +6 ring of strength
 R - a ring of willpower
 X - a ring of protection from cold
 Y - a ring of protection from fire
Wands
 r - a wand of light (16)
 x - a wand of roots (21)
 H - a wand of mindburst (32)
 Q - a wand of digging (20)
 V - a wand of flame (54)
Scrolls
 d - a scroll of summoning
 h - a scroll of acquirement
 k - 11 scrolls of immolation
 m - 4 scrolls of fear
 p - 8 scrolls of amnesia
 t - a scroll of silence
 y - 3 scrolls of vulnerability
 J - a scroll of brand weapon
 O - 16 scrolls of teleportation
Potions
 e - 13 potions of curing
 l - 7 potions of berserk rage
 o - 7 potions of brilliance
 q - 4 potions of invisibility
 s - a potion of cancellation
 u - 10 potions of ambrosia
 A - 11 potions of attraction
 C - 16 potions of lignification
 E - 3 potions of haste
 S - 9 potions of mutation
 Z - 4 potions of resistance
Miscellaneous
 w - a condenser vane
 D - a phantom mirror
 P - a phial of floods
 W - a tin of tremorstones (2/2)


   Skills:
 + Level 17.4 Fighting
 + Level 17.4 Short Blades
 + Level 17.4 Long Blades
 + Level 17.4 Axes
 + Level 17.4 Maces & Flails
 + Level 17.5 Polearms
 + Level 20.3 Staves
 + Level 17.4 Ranged Weapons
 + Level 17.4 Throwing
 + Level 17.4 Armour
 + Level 18.0 Dodging
 + Level 17.9 Stealth
 + Level 17.4 Shields
 + Level 17.4 Unarmed Combat
 + Level 18.1 Spellcasting
 + Level 14.8 Conjurations
 + Level 14.8 Hexes
 + Level 16.3 Summonings
 + Level 14.8 Necromancy
 + Level 14.8 Translocations
 + Level 14.8 Transmutations
 + Level 14.8 Fire Magic
 + Level 14.8 Ice Magic
 + Level 14.8 Air Magic
 + Level 14.8 Earth Magic
 + Level 14.8 Poison Magic
 + Level 18.9 Invocations
 + Level 17.4 Evocations


You had 3 spell levels left.
You knew the following spells:

 Your Spells              Type           Power      Damage    Failure   Level
a - Wereblood             Tmut           73%        N/A       0%          2
b - Blink                 Tloc           100%       N/A       0%          2
c - Call Canine Familiar  Summ           77%        N/A       0%          3
d - Summon Guardian Gole  Hex/Summ       75%        N/A       0%          3
e - Summon Lightning Spi  Summ/Air       75%        N/A       1%          4
f - Summon Mana Viper     Hex/Summ       75%        N/A       1%          5
g - Summon Cactus Giant   Summ           38%        N/A       1%          6
h - Summon Forest         Summ/Tloc      37%        N/A       1%          5
i - Dispel Undead         Necr           73%        3d24      1%          4
k - Stone Arrow           Conj/Erth      100%       3d13      0%          3
l - Storm Form            Tmut/Air       36%        N/A       4%          7
m - Yara's Violent Unrav  Hex/Tmut       36%        3d15      1%          5
n - Swiftness             Air            73%        N/A       0%          3
o - Manifold Assault      Tloc           73%        N/A       1%          5

Your spell library contained the following spells:

 Spells                   Type           Power      Damage    Failure   Level
 Apportation              Tloc           100%       N/A       0%          1
 Foxfire                  Conj/Fire      100%       2x1d9     0%          1
 Magic Dart               Conj           100%       1d8       0%          1
 Necrotise                Necr           100%       1d9       0%          1
 Sandblast                Erth           100%       2d20      0%          1
 Shock                    Conj/Air       100%       1d9       0%          1
 Slow                     Hex            100%       N/A       0%          1
 Summon Small Mammal      Summ           100%       N/A       0%          1
 Call Imp                 Summ           77%        N/A       0%          2
 Ensorcelled Hibernation  Hex/Ice        100%       N/A       0%          2
 Passwall                 Tmut/Erth      60%        N/A       0%          2
 Scorch                   Fire           100%       2d10      0%          2
 Searing Ray              Conj           100%       2d8       0%          2
 Static Discharge         Conj/Air       73%        3-13/arc  0%          2
 Sublimation of Blood     Necr           73%        N/A       0%          2
 Confusing Touch          Hex            73%        N/A       0%          3
 Conjure Flame            Conj/Fire      73%        6-21      0%          3
 Dazzling Flash           Conj/Hex       100%       N/A       0%          3
 Inner Flame              Hex/Fire       73%        N/A       0%          3
 Lesser Beckoning         Tloc           73%        N/A       0%          3
 Mephitic Cloud           Conj/Pois/Air  73%        N/A       0%          3
 Ozocubu's Armour         Ice            73%        N/A       0%          3
 Portal Projectile        Hex/Tloc       100%       N/A       0%          3
 Spider Form              Tmut/Pois      73%        N/A       0%          3
 Tukima's Dance           Hex            73%        N/A       0%          3
 Vampiric Draining        Necr           73%        2d11      0%          3
 Airstrike                Air            36%        2d(6-22)  1%          4
 Anguish                  Hex/Necr       36%        N/A       1%          4
 Animate Dead             Necr           73%        N/A       1%          4
 Flame Wave               Conj/Fire      73%        2d16      1%          4
 Fulminant Prism          Conj/Hex       36%        3d18      1%          4
 Iskenderun's Mystic Bla  Conj/Tloc      73%        2d15      1%          4
 Olgreb's Toxic Radiance  Pois           73%        N/A       1%          4
 Sticky Flame             Conj/Fire      73%        2d9       1%          4
 Summon Ice Beast         Ice/Summ       75%        N/A       1%          4
 Agony                    Necr           73%        N/A       1%          5
 Alistair's Intoxication  Tmut/Pois      48%        N/A       1%          5
 Blade Hands              Tmut           36%        N/A       1%          5
 Freezing Cloud           Conj/Ice/Air   36%        6-21      1%          5
 Lee's Rapid Deconstruct  Erth           36%        3d19*     1%          5
 Lightning Bolt           Conj/Air       36%        1d54      1%          5
 Silence                  Hex/Air        36%        N/A       1%          5
 Conjure Ball Lightning   Conj/Air       36%        3x3d12    1%          6
 Dispersal                Tloc           36%        N/A       1%          6
 Eringya's Noxious Bog    Tmut/Pois      36%        N/A       1%          6
 Simulacrum               Ice/Necr       36%        N/A       1%          6
 Starburst                Conj/Fire      36%        6d11      1%          6
 Monstrous Menagerie      Summ           38%        N/A       2%          7
 Summon Hydra             Summ           38%        N/A       2%          7
 Haunt                    Necr/Summ      37%        N/A       3%          7
 Malign Gateway           Summ/Tloc      37%        N/A       3%          7
 Enfeeble                 Hex            36%        N/A       4%          7
 Ozocubu's Refrigeration  Ice            36%        4d15      4%          7
 Summon Horrible Things   Summ           38%        N/A       21%         8
 Borgnjor's Revivificati  Necr           36%        N/A       36%         8
 Discord                  Hex            36%        N/A       36%         8
 Disjunction              Tloc           36%        N/A       36%         8
 Maxwell's Capacitive Co  Air            36%        ∞         36%         8
 Necromutation            Tmut/Necr      36%        N/A       36%         8
 Death's Door             Necr           36%        N/A       99%         9


Dungeon Overview and Level Annotations

Branches:
Dungeon (15/15)            Temple (0/1) D:6            Lair (5/5) D:8
 Shoals (4/4) Lair:3       Spider (4/4) Lair:3        Slime (5/5) Lair:5
    Orc (2/2) D:12            Elf (3/3) Orc:2        Vaults (5/5) D:13
  Crypt (3/3) Vaults:2       Tomb (0/3) Crypt:3      Depths (3/4) D:15
  IceCv (visited)         Volcano (visited)

Altars:
Gozag
Kikubaaqudgha
Nemelex Xobeh
Okawaru
Ru
Uskayaw
Yredelemnul
Zin
Jiyva

Shops:
D:2 *   D:12 ![?   D:14 *   Orc:1 [   Orc:2 =!:[   Elf:2 ==:   Shoals:1 [
Vaults:1 *   Depths:2 ([!

Portals:
Hell: Depths:1 Depths:2 Depths:3
Abyss: Depths:2 Depths:3
Pandemonium: Depths:2
Trove: D:15 (give +3 gold dragon scales)

Annotations:
D:7 2 transporters
D:14 2 transporters, Barsook's ghost, journeyman DsFi
Slime:5 Royal Jelly
Depths:3 Josephina


Innate Abilities, Weirdness & Mutations

You are a lightning-filled tempest!
Your electrical attacks strike out in all directions at once.
You are incredibly evasive.
Your insubstantial body is immune to petrification, constriction, and being set on fire You are flying.
Your armour is entirely melded.
You are incapable of wielding weapons or throwing items.
((You have very sharp teeth.))
Your uncanny sense of smell can sniff out nearby items.
Your experience applies equally to all skills.
((Your system is resistant to poisons. (rPois)))
((Your transparent skin significantly reduces your foes' accuracy. (Stealth+)))


Message History

Josephina freezes your mana viper!! x2
Your mana viper seems to slow down.
Your mana viper dies!
Your mana viper disappears in a puff of smoke!
Casting: Summon Mana Viper (safe; 1% risk of failure)
Confirm with . or Enter, or press ? or * to list all spells.
A mana viper appears with a sibilant hiss.
What are your orders? t - Bellow!
Orders for allies: a - Attack new target. p - Attack previous target. r - Retreat! s - Stop attacking. g - Guard the area. f - Follow me.
Anything else - Cancel.
Gang up on whom?
Press: ? - help, Dir - move target, f/p - Josephina
Aim: Josephina, wielding a staff of cold, wearing a +2 robe of cold resistance and wearing the ring "Qocips" {Ice *Slow rN+ Str+3 Slay+3} (lightly damaged, ally target, magic disrupted) Attack!
Your primal bloodlust has ended.
Your mana viper bites the glowing shapeshifter simulacrum!
The glowing shapeshifter simulacrum hits your mana viper!
The glowing shapeshifter simulacrum freezes your mana viper!!
Your mana viper seems to slow down.
The glowing shapeshifter simulacrum hits you but does no damage.
Josephina's magic is no longer disrupted.
Josephina casts a spell.
The sphinx simulacrum collapses into a mass of ice!
The mass of ice explodes!
The seracfall engulfs you!!!
* * * LOW HITPOINT WARNING * * *
Your mana viper bites the glowing shapeshifter simulacrum.
Okay, then.
You feel much better.
The glowing shapeshifter simulacrum hits your mana viper!
The glowing shapeshifter simulacrum freezes your mana viper!!
Your mana viper seems to slow down.
Your mana viper dies!
Your mana viper disappears in a puff of smoke!
Josephina gestures at you while chanting.
The ghostly flame explodes!
The ghostly fireball engulfs you!!!
You feel drained.
You die...

##.. #.[. ##... # ∆ ###''.. ## #
###..''## .## ..# ###.....###
#.## ....############.......##.
##.## .≈§....Z.##...........##.≈
..#.## .§≈.≈.ZL°v............'.≈⌠
..##.###.§.§§.Z...........###.≈≈.
#......####...§.##.....####......
##......#.##############.#......#
##....##................''....##
###..#..................#..###
###..................####
###.......∩......###
################


You could see Josephina, a frost giant simulacrum (fast, incited) and 2 glowing
shapeshifter simulacra.

Vanquished Creatures
  2 ancient liches
  Mennas (Vaults:4)
  Sojobo (Vaults:4)
  Parghit (Depths:3)
  Frederick (Vaults:4)
  Xtahua (Vaults:3)
  Jory (Vaults:4)
  3 bone dragons
  A profane servitor (Crypt:3)
  3 doom hounds (Depths:2)
  3 tentacled monstrosities (Vaults:5)
  4 liches
  A quicksilver dragon (Vaults:5)
  2 titans (Vaults:5)
  An Executioner (Abyss:4)
  8 ancient champions
  A tentacled starspawn (Abyss:4)
  6 sphinxes
  11 tengu reavers
  3 revenants
  3 shadow dragons
  2 storm dragons (Vaults:5)
  5 fire giants
  An iron dragon (Depths:2)
  A frost giant (Vaults:5)
  An emperor scorpion (shapeshifter) (Vaults:2)
  An orc warlord (Vaults:4)
  3 deep elf sorcerers
  Aizul (Vaults:4)
  12 vault wardens
  2 ghost moths
  A caustic shrike zombie (Crypt:1)
  A curse skull (Crypt:1)
  A ghoul (Crypt:3)
  8 ironbound preservers
  3 caustic shrike skeletons
  A juggernaut zombie (Crypt:3)
  26 very ugly things
  4 stone giants
  10 ironbound thunderhulks
  7 vampire knights
  4 deep elf annihilators
  A deep elf demonologist (Elf:3)
  An entropy weaver (Spider:4)
  3 dire elephants (Vaults:2)
  A merfolk javelineer (Shoals:4)
  3 ettins
  2 deep elf death magi
  5 fire dragons
  An acid blob zombie (Crypt:2)
  5 merfolk impalers
  9 jiangshi
  22 vault guards
  A spriggan zombie (Crypt:2)
  11 yaktaur captains
  2 great orbs of eyes
  An ice dragon (Depths:2)
  3 hydras
  A spriggan air mage (Depths:1)
  A quicksilver dragon skeleton (Crypt:2)
  A boulder beetle (D:14)
  A radroach (Spider:1)
  Erica (Orc:1)
  2 hell beasts (Depths:1)
  A merfolk avatar (Shoals:2)
  4 ironbound frosthearts
  A two-headed ogre (shapeshifter) (Vaults:3)
  2 death knights
  5 centaur warriors
  8 dancing weapons
  2 death yaks (IceCv)
  2 titan zombies (Crypt:1)
  A merfolk aquamancer (Shoals:4)
  5 two-headed ogres
  2 satyrs
  An azure jelly zombie (Crypt:2)
  9 vampire magi
  2 deep troll earth magi
  4 tengu warriors
  A hell knight (Vaults:5)
  2 spriggan berserkers (Depths:2)
  Sonja (Orc:1)
  A salamander mystic (Volcano)
  26 skeletal warriors
  An iron troll (Depths:1)
  4 deep elf knights
  An anaconda zombie (Crypt:1)
  7 sea snakes
  2 pharaoh ants (Spider:1)
  A steelbarb worm (Spider:1)
  8 ironbound convokers
  5 flayed ghosts
  26 deep trolls
  A spriggan simulacrum (Crypt:3)
  5 deep elf archers
  A lindwurm (Vaults:3)
  A bunyip skeleton (Crypt:3)
  10 phantasmal warriors
  2 wizards
  3 necromancers
  3 orc knights
  13 deep elf pyromancers
  4 harpies (Shoals:3)
  3 wolf spiders
  A jorogumo zombie (Crypt:2)
  19 ugly things
  3 manticores
  8 fauns
  2 cyclopes (shapeshifter)
  4 cyclopes
  A sphinx zombie (Crypt:3)
  An orc sorcerer (Orc:2)
  A sphinx skeleton (Crypt:2)
  2 moths of wrath
  12 vault sentinels
  A merfolk siren (Shoals:3)
  A stone giant skeleton (Crypt:1)
  A gargoyle (Volcano)
  A torpor snail (shapeshifter) (Vaults:5)
  2 water nymphs (Shoals:4)
  2 centaur skeletons (Crypt:1)
  5 black mambas
  A demonic crawler (Spider:3)
  A death yak zombie (Crypt:2)
  7 cane toads
  A redback zombie (Crypt:1)
  An unseen horror (shapeshifter) (Vaults:5)
  7 freezing wraiths
  A green draconian skeleton (Crypt:3)
  4 komodo dragons
  27 yaktaurs
  6 rime drakes
  A tormentor (Depths:2)
  A tengu conjurer (Depths:2)
  A guardian mummy (Crypt:3)
  14 merfolk
  A troll (Vaults:5)
  A hydra zombie (Crypt:3)
  A wind drake (Shoals:4)
  A black draconian skeleton (Crypt:1)
  2 blink frogs (Lair:5)
  A tarantella (Spider:4)
  5 hornets
  5 nameless horrors
  3 polar bears
  14 slime creatures
  4 harpy skeletons
  A death drake skeleton (Crypt:1)
  An ettin zombie (Crypt:1)
  A sphinx simulacrum (Depths:3)
  2 snapping turtles (Shoals:4)
  A dream sheep (Lair:5)
  2 tarantella zombies (Crypt:3)
  8 jumping spiders
  Sigmund (D:6)
  An air elemental (Elf:3)
  7 flying skulls (Crypt:1)
  A shadow (D:6)
  5 culicivoras
  3 vampires (Crypt:3)
  3 spriggans (Depths:2)
  3 wyverns
  A centaur simulacrum (Crypt:1)
  9 yaks
  4 wraiths
  2 fire elementals (Elf:2)
  3 basilisks
  7 water elementals
  A black mamba skeleton (Crypt:1)
  4 redbacks
  3 vampire mosquitoes
  A yaktaur simulacrum (Vaults:4)
  A neqoxec (Depths:2)
  A warg (Orc:2)
  3 naga skeletons (Crypt:1)
  8 water moccasins
  6 orc warriors
  A swamp drake (D:12)
  A manticore zombie (Crypt:1)
  2 ogres
  A black bear (D:6)
  A black mamba simulacrum (Crypt:1)
  4 wolves
  A phantom (D:6)
  A centaur (D:9)
  A fire crab zombie (Crypt:1)
  A small abomination (Abyss:4)
  3 bullfrogs
  An elf skeleton (Crypt:3)
  4 scorpions
  A water moccasin zombie (Crypt:2)
  A killer bee (D:9)
  A howler monkey (D:14)
  2 spriggan skeletons (Crypt:2)
  3 electric eels
  A vampire bat (Orc:2)
  A wolf skeleton (Crypt:3)
  A hound (D:6)
  4 orc priests
  5 iguanas
  Ijyb (D:4)
  9 orc wizards
  2 hell rats
  A tengu skeleton (Crypt:1)
  8 mummies (Crypt:3)
  4 adders
  A dart slug (D:4)
  19 orcs
  4 ball pythons
  4 bats
  An endoplasm (D:2)
  2 giant cockroaches
  A goblin (D:3)
  3 hobgoblins
  A jackal (D:4)
  A kobold (D:4)
  A quokka (D:4)
  3 frilled lizards
  2 frilled lizard skeletons
  2 starspawn tentacles (Abyss:4)
796 creatures vanquished.

Vanquished Creatures (collateral kills)
  2 ancient liches
  Nikola (Vaults:3)
  Arachne (Spider:2)
  A bone dragon (Depths:2)
  A walking crystal tome (Depths:2)
  Rupert (D:13)
  2 quicksilver dragons
  A deep elf blademaster (Elf:2)
  A titan (Vaults:5)
  Grunn (Depths:2)
  A deep elf master archer (Elf:3)
  An ancient champion (Crypt:3)
  2 tengu reavers
  5 deep elf sorcerers
  3 frost giants
  6 vault wardens
  4 emperor scorpions (Spider:4)
  4 ghost moths
  8 ironbound preservers
  Louise (Depths:2)
  5 deep elf elementalists
  2 very ugly things (Depths:2)
  An orc warlord (Vaults:3)
  A reaper (Depths:1)
  A stone giant (Vaults:2)
  2 broodmothers
  3 ironbound thunderhulks
  Nessos (Lair:5)
  A vampire knight (Crypt:3)
  2 war gargoyles
  4 deep elf annihilators (Elf:3)
  A putrid mouth (Depths:1)
  2 deep elf demonologists (Elf:3)
  3 entropy weavers
  A dire elephant (Vaults:2)
  2 spark wasps
  A red draconian (Volcano)
  An eidolon (Crypt:3)
  3 deep elf death magi (Elf:3)
  A crystal guardian (Vaults:1)
  A green death (Depths:2)
  3 ettins (Vaults:5)
  A fire dragon (D:14)
  4 yaktaur captains
  2 merfolk impalers
  2 deep elf high priests (Elf:3)
  5 merfolk javelineers
  9 vault guards
  5 ogre magi
  4 ice dragons
  3 boulder beetles
  A peacekeeper (Vaults:1)
  5 hydras
  6 centaur warriors
  A rakshasa (Depths:2)
  A jorogumo (Spider:4)
  2 catoblepae
  3 radroaches
  4 death knights
  14 two-headed ogres
  3 alligator snapping turtles (Shoals:4)
  21 dancing weapons
  4 death yaks (IceCv)
  An ironbound frostheart (Vaults:4)
  A deep troll shaman (Depths:3)
  A spriggan berserker (Depths:3)
  2 merfolk aquamancers (Shoals:4)
  A deep troll earth mage (Depths:1)
  A vampire mage (Depths:1)
  2 shock serpents (shapeshifter)
  9 pharaoh ants
  2 skeletal warriors
  2 sun moths (Spider:4)
  A quicksilver dragon simulacrum (Depths:1)
  11 deep elf knights
  2 iron trolls (Depths:1)
  13 deep trolls
  13 orb spiders
  A swamp dragon (Lair:5)
  4 steelbarb worms
  6 sea snakes
  2 wizards
  4 phantasmal warriors
  Pikel (D:8)
  An orc knight (Orc:1)
  2 lindwurms
  4 ironbound convokers
  20 harpies
  26 deep elf pyromancers
  10 deep elf archers
  27 ugly things
  26 deep elf zephyrmancers
  A necromancer (Crypt:1)
  16 wolf spiders
  11 manticores
  2 orc sorcerers
  A fire giant zombie (Crypt:3)
  13 fauns
  3 oklob plants (Lair:5)
  3 salamanders (Volcano)
  6 cyclopes
  2 moths of wrath
  4 vault sentinels
  A guardian serpent (Lair:5)
  3 black mambas
  6 merfolk sirens
  2 elephants (Lair:4)
  3 water nymphs
  An ice statue (IceCv)
  A black mamba (shapeshifter) (D:15)
  5 molten gargoyles (Volcano)
  An orange demon (Depths:2)
  A guardian serpent (shapeshifter) (Vaults:5)
  8 cane toads
  A smoke demon (Depths:2)
  3 torpor snails
  A yaktaur (shapeshifter) (Vaults:5)
  2 unseen horrors (D:12)
  5 rime drakes
  An efreet (Volcano)
  8 demonic crawlers
  5 komodo dragons
  A tengu conjurer (Depths:2)
  A freezing wraith (Vaults:5)
  23 yaktaurs
  4 polar bears
  4 trolls
  34 merfolk
  6 wind drakes
  18 tarantellas
  4 hornets
  13 slime creatures
  6 blink frogs
  3 dream sheep (Lair:5)
  4 snapping turtles
  31 jumping spiders
  2 air elementals (Elf:2)
  4 water elementals
  A shadow (D:11)
  2 vampires
  4 fire elementals
  6 wyverns
  6 wraiths
  14 culicivoras
  A black mamba skeleton (Crypt:1)
  30 yaks
  3 basilisks
  51 redbacks
  A neqoxec (Depths:2)
  8 vampire mosquitoes
  A redback (shapeshifter) (Vaults:4)
  2 wargs
  2 acid dragons
  14 water moccasins
  A floating eye (shapeshifter) (Vaults:5)
  8 nameless horrors
  11 orc warriors
  2 ice beasts
  3 swamp drakes (Lair:5)
  3 boggarts (Vaults:1)
  5 wolves (IceCv)
  33 ogres
  10 centaurs
  A lindwurm skeleton (Crypt:2)
  3 kobold brigands
  A phantom (D:6)
  A gnoll sergeant (D:10)
  8 bullfrogs
  4 earth elementals
  6 wights
  12 killer bees
  A vampire bat (Orc:2)
  A howler monkey (D:7)
  2 jellies
  A lava snake (D:11)
  A hound (D:7)
  9 orc priests
  Jessica (D:3)
  Natasha (thrice) (D:3)
  2 iguanas (Lair:5)
  11 orc wizards
  10 hell rats
  2 mummies (Crypt:3)
  5 gnolls (D:10)
  3 adders
  A white imp (D:8)
  An ufetubus (D:7)
  2 worms (D:4)
  2 dart slugs
  57 orcs
  3 endoplasms
  13 goblins
  2 hobgoblins
  2 jackals (D:4)
  A quokka (D:1)
  3 ball pythons (D:3)
  3 bats
  2 frilled lizards
  14 kobolds
  3 rats
  25 foxfires
1107 creatures vanquished.

Vanquished Creatures (others)
  A sphinx (Depths:2)
  A very ugly thing (Depths:2)
  An ettin (Orc:1)
  A boulder beetle (D:12)
  An ogre mage (Orc:2)
  3 centaur warriors (Vaults:1)
  6 two-headed ogres
  A vampire mage (Crypt:3)
  A deep elf knight (Elf:3)
  Lodul (D:10)
  An orc knight (Volcano)
  A wizard (Vaults:3)
  A deep elf pyromancer (D:12)
  A deep elf zephyrmancer (Elf:1)
  A cyclops (Volcano)
  An ugly thing (IceCv)
  A manticore (D:11)
  An elephant (Lair:4)
  A black mamba (Lair:5)
  2 gargoyles
  An eye of devastation (shapeshifter) (Depths:3)
  2 cane toads
  2 merfolk (Lair:3)
  A troll (D:11)
  A hornet (Spider:4)
  2 slime creatures (Vaults:1)
  A sphinx simulacrum (Depths:3)
  2 dream sheep (Lair:5)
  A flying skull (Crypt:1)
  12 yaks
  4 vampire mosquitoes (D:12)
  A warg (Orc:1)
  A water moccasin (D:3)
  A floating eye (Depths:3)
  2 orc warriors
  2 ogres (Orc:2)
  2 black bears (D:6)
  A wolf (IceCv)
  A necrophage (D:7)
  5 wights
  A water moccasin skeleton (Crypt:1)
  A killer bee (D:10)
  36 jellies
  3 orc priests
  An iguana (D:7)
  A hell rat (Lair:2)
  2 mummies (Crypt:3)
  An adder (D:6)
  2 orcs (D:6)
  1395 foxfires
  41 fungi
  165 plants
  65 snaplasher vines
  4 starspawn tentacles
  2 withered plants (D:3)
1793 creatures vanquished.

Grand Total: 3696 creatures vanquished

Notes
Turn   | Place    | Note
-------+----------+-------------------------------------------
     0 | D:1      | croobank the Gnoll Summoner began the quest for the Orb.
     0 | D:1      | Reached XP level 1. HP: 13/13 MP: 6/6
   469 | D:1      | Reached XP level 2. HP: 18/19 MP: 4/7
   472 | D:1      | Learned a level 2 spell: Call Imp
   566 | D:1      | Found a faded altar of an unknown god.
  1082 | D:2      | Found Udgheczan's General Store.
  1096 | D:2      | Bought a scroll of noise for 11 gold pieces
  1096 | D:2      | Bought a scroll of identify for 22 gold pieces
  1704 | D:3      | Reached skill level 5 in Spellcasting
  1704 | D:3      | Reached XP level 3. HP: 25/25 MP: 2/9
  1768 | D:2      | Learned a level 3 spell: Call Canine Familiar
  2072 | D:3      | Found a hide-covered altar of Uskayaw.
  2120 | D:3      | Noticed Natasha
  2129 | D:3      | Killed Natasha
  2130 | D:3      | Reached skill level 1 in Fighting
  2130 | D:3      | Reached skill level 1 in Short Blades
  2130 | D:3      | Reached skill level 1 in Long Blades
  2130 | D:3      | Reached skill level 1 in Axes
  2130 | D:3      | Reached skill level 1 in Maces & Flails
  2130 | D:3      | Reached skill level 1 in Polearms
  2130 | D:3      | Reached skill level 1 in Staves
  2130 | D:3      | Reached skill level 1 in Ranged Weapons
  2130 | D:3      | Reached skill level 1 in Throwing
  2130 | D:3      | Reached skill level 1 in Armour
  2130 | D:3      | Reached skill level 1 in Shields
  2130 | D:3      | Reached skill level 1 in Unarmed Combat
  2130 | D:3      | Reached skill level 1 in Invocations
  2130 | D:3      | Reached skill level 1 in Evocations
  2132 | D:3      | Reached XP level 4. HP: 15/32 MP: 4/11
  2296 | D:3      | Found a basalt altar of Yredelemnul.
  2425 | D:3      | Noticed a water moccasin
  2475 | D:3      | Learned a level 3 spell: Summon Guardian Golem
  2499 | D:3      | Killed a water moccasin
  2500 | D:3      | Reached skill level 1 in Conjurations
  2500 | D:3      | Reached skill level 1 in Hexes
  2500 | D:3      | Reached skill level 1 in Necromancy
  2500 | D:3      | Reached skill level 1 in Translocations
  2500 | D:3      | Reached skill level 1 in Transmutations
  2500 | D:3      | Reached skill level 1 in Fire Magic
  2500 | D:3      | Reached skill level 1 in Ice Magic
  2500 | D:3      | Reached skill level 1 in Air Magic
  2500 | D:3      | Reached skill level 1 in Earth Magic
  2500 | D:3      | Reached skill level 1 in Poison Magic
  2500 | D:3      | Reached XP level 5. HP: 28/37 MP: 8/12
  2552 | D:3      | Noticed Natasha
  2557 | D:3      | Killed Natasha
  2607 | D:3      | Noticed Jessica
  2616 | D:3      | Killed Jessica
  2617 | D:3      | Reached XP level 6. HP: 42/44 MP: 5/13
  2812 | D:3      | Found an ancient bone altar of Kikubaaqudgha.
  2971 | D:3      | Noticed Natasha
  2972 | D:3      | Found an opulent altar of Gozag.
  2991 | D:3      | Killed Natasha
  2992 | D:3      | Reached skill level 5 in Dodging
  2995 | D:3      | Became a worshipper of Gozag Ym Sagoz the Greedy
  3493 | D:4      | Reached skill level 2 in Staves
  4600 | D:4      | Noticed Ijyb
  4620 | D:4      | Killed Ijyb
  5162 | D:4      | You fall into a shaft and drop 2 floors!
  5178 | D:6      | Noticed Sigmund
  5192 | D:6      | Noticed a black bear
  5193 | D:6      | Noticed a shadow
  5217 | D:6      | Killed a black bear
  5218 | D:6      | Reached XP level 7. HP: 33/51 MP: 7/15
  5226 | D:6      | Killed a shadow
  5227 | D:6      | Reached skill level 5 in Stealth
  5572 | D:6      | Reached skill level 3 in Staves
  5572 | D:6      | Reached XP level 8. HP: 58/58 MP: 13/16
  5612 | D:6      | Found a staircase to the Ecumenical Temple.
  6392 | D:6      | Killed Sigmund
  7118 | D:7      | Found a transporter.
  7149 | D:7      | Learned a level 4 spell: Summon Lightning Spire
  7216 | D:7      | Identified the ring "Leakytzea" {Contam rPois rN+ AC+4
                  | Str+2}
  7459 | D:7      | Identified the +0 ring mail of the Land of Plenty {+Inv rC-
                  | Will+ Dex+2}
  7473 | D:7      | Found a transporter.
  7628 | D:7      | Reached XP level 9. HP: 35/65 MP: 9/18
  7665 | D:7      | Reached skill level 4 in Staves
  8551 | D:7      | Found a glowing silver altar of Zin.
  8769 | D:7      | Learned a level 1 spell: Foxfire
  8790 | D:7      | Identified the ring "Igya" {rPois rC++ rCorr Int-3 Dex+4}
  9081 | D:8      | Found a staircase to the Lair.
  9194 | D:8      | Noticed Pikel
  9213 | D:8      | Killed Pikel
  9214 | D:8      | Reached skill level 5 in Invocations
  9683 | D:8      | Found an iron altar of Okawaru.
 10397 | D:8      | Reached skill level 5 in Fighting
 10397 | D:8      | Reached skill level 5 in Short Blades
 10397 | D:8      | Reached skill level 5 in Long Blades
 10397 | D:8      | Reached skill level 5 in Axes
 10397 | D:8      | Reached skill level 5 in Maces & Flails
 10397 | D:8      | Reached skill level 5 in Polearms
 10397 | D:8      | Reached skill level 5 in Staves
 10397 | D:8      | Reached skill level 5 in Ranged Weapons
 10397 | D:8      | Reached skill level 5 in Throwing
 10397 | D:8      | Reached skill level 5 in Armour
 10397 | D:8      | Reached skill level 5 in Shields
 10397 | D:8      | Reached skill level 5 in Unarmed Combat
 10397 | D:8      | Reached skill level 5 in Evocations
 10397 | D:8      | Reached XP level 10. HP: 42/74 MP: 13/20
 11487 | D:10     | Entered Level 10 of the Dungeon
 11506 | D:10     | Noticed Lodul
 12144 | D:10     | Reached skill level 6 in Staves
 12151 | D:10     | Reached skill level 5 in Conjurations
 12151 | D:10     | Reached skill level 5 in Hexes
 12151 | D:10     | Reached skill level 5 in Necromancy
 12151 | D:10     | Reached skill level 5 in Translocations
 12151 | D:10     | Reached skill level 5 in Transmutations
 12151 | D:10     | Reached skill level 5 in Fire Magic
 12151 | D:10     | Reached skill level 5 in Ice Magic
 12151 | D:10     | Reached skill level 5 in Air Magic
 12151 | D:10     | Reached skill level 5 in Earth Magic
 12151 | D:10     | Reached skill level 5 in Poison Magic
 12151 | D:10     | Reached XP level 11. HP: 81/81 MP: 15/22
 12175 | D:10     | Killed Lodul
 13103 | D:10     | Identified the +1 chain mail "Tuubu" {rN+ Str+4 Dex+4 SInv}
 14643 | D:11     | Noticed a cyclops
 14652 | D:11     | Killed a cyclops
 15347 | D:11     | Noticed a manticore
 15361 | D:11     | Killed a manticore
 15739 | D:12     | Found Tamedghe's Magic Scroll Emporium.
 15747 | D:12     | Bought a scroll of summoning for 133 gold pieces
 15747 | D:12     | Bought a scroll of identify for 28 gold pieces
 15747 | D:12     | Bought 2 scrolls of enchant armour for 210 gold pieces
 15747 | D:12     | Bought a scroll of teleportation for 42 gold pieces
 15747 | D:12     | Bought a scroll of fear for 56 gold pieces
 15747 | D:12     | Bought a scroll of teleportation for 42 gold pieces
 15747 | D:12     | Bought a scroll of teleportation for 42 gold pieces
 15755 | D:12     | Identified the +8 arbalest of Ufoysh {flame, rElec}
 15790 | D:12     | Found Xamid's Distillery.
 15793 | D:12     | Noticed a two-headed ogre
 15800 | D:12     | Killed a two-headed ogre
 15876 | D:12     | Noticed a deep elf pyromancer
 15896 | D:12     | Killed a deep elf pyromancer
 15897 | D:12     | Reached skill level 7 in Staves
 15991 | D:12     | Reached XP level 12. HP: 89/91 MP: 11/24
 16309 | D:12     | Found a staircase to the Orcish Mines.
 16500 | D:12     | Noticed a two-headed ogre
 16509 | D:12     | Killed a two-headed ogre
 16575 | D:12     | Noticed a four-headed hydra
 16584 | D:12     | Killed a four-headed hydra
 16687 | D:12     | Noticed a two-headed ogre
 16697 | D:12     | Killed a two-headed ogre
 17259 | D:12     | Found Irrasilox's Antique Armour Shop.
 17262 | D:12     | Noticed an eight-headed hydra
 17267 | D:12     | Killed an eight-headed hydra
 17311 | D:12     | Bought a pair of embroidered boots for 247 gold pieces
 17311 | D:12     | Bought a runed buckler for 247 gold pieces
 17380 | D:12     | Noticed a boulder beetle
 17413 | D:12     | Killed a boulder beetle
 17893 | Lair:1   | Entered Level 1 of the Lair of Beasts
 18628 | Lair:1   | Found a dark tunnel.
 18637 | Volcano  | Entered a volcano
 18670 | Volcano  | Reached skill level 8 in Staves
 18822 | Volcano  | Reached XP level 13. HP: 98/98 MP: 15/26
 18822 | Volcano  | Noticed a red draconian
 18835 | Volcano  | Killed a red draconian
 18882 | Volcano  | Reached skill level 10 in Summonings
 19129 | Volcano  | Noticed an orb of fire
 19159 | Volcano  | Noticed an orb of fire
 20422 | Lair:2   | Reached skill level 10 in Spellcasting
 21690 | Lair:3   | Found a hole to the Spider Nest.
 21843 | Lair:3   | Found a staircase to the Shoals.
 21900 | Lair:3   | Reached skill level 10 in Dodging
 22084 | Lair:3   | Identified the +1 ring mail of the Sneaky Dances {rElec}
 22857 | Lair:4   | Reached skill level 9 in Staves
 22948 | Lair:4   | Reached skill level 10 in Stealth
 23296 | Lair:4   | Reached skill level 10 in Invocations
 23296 | Lair:4   | Reached XP level 14. HP: 108/108 MP: 13/28
 23915 | Lair:5   | Entered Level 5 of the Lair of Beasts
 23938 | Lair:5   | Identified the +6 flail "Bakhlaely" {antimagic, Will+ Str+4
                  | Int+4}
 24250 | Lair:5   | Found a staircase to the Slime Pits.
 24506 | Lair:5   | Found a viscous altar of Jiyva.
 25352 | Lair:5   | Noticed Nessos
 25384 | Lair:5   | Killed Nessos
 26963 | Lair:5   | Reached skill level 10 in Fighting
 26963 | Lair:5   | Reached skill level 10 in Short Blades
 26963 | Lair:5   | Reached skill level 10 in Long Blades
 26963 | Lair:5   | Reached skill level 10 in Axes
 26963 | Lair:5   | Reached skill level 10 in Maces & Flails
 26963 | Lair:5   | Reached skill level 10 in Polearms
 26963 | Lair:5   | Reached skill level 10 in Staves
 26963 | Lair:5   | Reached skill level 10 in Ranged Weapons
 26963 | Lair:5   | Reached skill level 10 in Throwing
 26963 | Lair:5   | Reached skill level 10 in Armour
 26963 | Lair:5   | Reached skill level 10 in Shields
 26963 | Lair:5   | Reached skill level 10 in Unarmed Combat
 26963 | Lair:5   | Reached skill level 10 in Evocations
 27423 | Orc:1    | Entered Level 1 of the Orcish Mines
 27423 | Orc:1    | Noticed Erica
 27453 | Orc:1    | Killed Erica
 27730 | Orc:2    | Entered Level 2 of the Orcish Mines
 27833 | Orc:2    | Reached XP level 15. HP: 115/115 MP: 9/30
 27858 | Orc:2    | Found Yryeddat's Distillery.
 27858 | Orc:2    | Found Ycaliona's Armour Shoppe.
 27918 | Orc:2    | Found a staircase to the Elven Halls.
 27993 | Orc:2    | Found a frozen archway.
 28038 | IceCv    | Entered an ice cave
 28799 | IceCv    | Noticed a frost giant
 28849 | IceCv    | Killed a frost giant
 29944 | Orc:1    | Found Muira Buv's Antique Armour Shoppe.
 29944 | Orc:1    | Noticed Sonja
 30552 | Orc:1    | Killed Sonja
 31744 | Orc:2    | Found Situimp's Jewellery Emporium.
 31744 | Orc:2    | Found Nocsee's Book Shop.
 31763 | Orc:2    | Bought a book of Blood for 392 gold pieces
 31763 | Orc:2    | Bought a book of the Wilderness for 532 gold pieces
 31769 | Orc:2    | Learned a level 5 spell: Summon Mana Viper
 31776 | Orc:2    | Learned a level 6 spell: Summon Cactus Giant
 31782 | Orc:2    | Learned a level 5 spell: Summon Forest
 31783 | Orc:2    | Bought a +2 pair of gloves of dexterity for 236 gold pieces
 31795 | Orc:2    | Bought a potion of berserk rage for 75 gold pieces
 31795 | Orc:2    | Bought a potion of magic for 120 gold pieces
 31796 | Orc:2    | Bought a +6 ring of intelligence for 504 gold pieces
 31800 | Orc:2    | Bought a ring of protection from fire for 350 gold pieces
 32142 | D:13     | Noticed Rupert
 32152 | D:13     | Killed Rupert
 32153 | D:13     | Reached XP level 16. HP: 117/124 MP: 10/32
 32468 | D:13     | Reached skill level 11 in Staves
 32702 | D:13     | Found a gate to the Vaults.
 33512 | D:14     | Found a transporter.
 34511 | D:14     | Noticed Barsook's ghost (journeyman DsFi)
 34518 | D:14     | Found a transporter.
 34537 | D:14     | Found a sacrificial altar of Ru.
 34857 | D:14     | Found Qemuidut's General Store.
 34863 | D:14     | Bought a scroll of enchant armour for 120 gold pieces
 34967 | D:15     | Entered Level 15 of the Dungeon
 35053 | D:15     | Found a staircase to the Depths.
 35435 | D:15     | Found a portal to a secret trove of treasure.
 36695 | Spider:1 | Entered Level 1 of the Spider Nest
 38417 | Spider:1 | Reached XP level 17. HP: 133/133 MP: 0/33
 38811 | Spider:2 | Learned a level 1 spell: Apportation
 38846 | Spider:2 | Reached skill level 10 in Conjurations
 38846 | Spider:2 | Reached skill level 10 in Hexes
 38846 | Spider:2 | Reached skill level 10 in Necromancy
 38846 | Spider:2 | Reached skill level 10 in Translocations
 38846 | Spider:2 | Reached skill level 10 in Transmutations
 38846 | Spider:2 | Reached skill level 10 in Fire Magic
 38846 | Spider:2 | Reached skill level 10 in Ice Magic
 38846 | Spider:2 | Reached skill level 10 in Air Magic
 38846 | Spider:2 | Reached skill level 10 in Earth Magic
 38846 | Spider:2 | Reached skill level 10 in Poison Magic
 39678 | Spider:2 | Noticed Arachne
 39695 | Spider:2 | Killed Arachne
 39818 | Spider:2 | Reached skill level 12 in Staves
 43173 | Spider:4 | Entered Level 4 of the Spider Nest
 45103 | Spider:4 | Reached XP level 18. HP: 141/141 MP: 13/35
 45680 | Spider:4 | Got a gossamer rune of Zot
 46170 | Spider:4 | Identified the +5 chain mail of Distant Worlds {rF+ Int+4
                  | SInv}
 46474 | Elf:1    | Entered Level 1 of the Elven Halls
 46864 | Elf:1    | Got the Excursus on Concussion
 48442 | Elf:2    | Paralysed by an air elemental for 1 turns
 48560 | Elf:2    | Reached skill level 13 in Staves
 48657 | Elf:2    | Found Wuma's Jewellery Boutique.
 48675 | Elf:2    | Found Onie's Book Shoppe.
 48864 | Elf:2    | Found Teduituv's Jewellery Boutique.
 49249 | Elf:2    | Learned a level 3 spell: Stone Arrow
 49508 | Elf:2    | Found a huge runed translucent gate.
 49508 | Elf:2    | Found a huge runed translucent gate.
 49509 | Elf:2    | Found a huge runed translucent gate.
 49511 | Elf:2    | Found a huge runed translucent gate.
 49521 | Elf:2    | Found a huge runed translucent gate.
 49968 | Elf:2    | Reached XP level 19. HP: 149/149 MP: 7/37
 51058 | Elf:2    | Learned a level 7 spell: Storm Form
 51513 | Elf:3    | Entered Level 3 of the Elven Halls
 51842 | Elf:3    | Learned a level 5 spell: Yara's Violent Unravelling
 52371 | Abyss:2  | Cast into level 2 of the Abyss (a deep elf sorcerer)
 52390 | Abyss:2  | Found a corrupted altar of Lugonu.
 52492 | Elf:3    | Escaped the Abyss
 54540 | Elf:3    | Identified the ring of Quraunueta {Will+ Str+4}
 54546 | Elf:3    | Identified the ring of Sagg {+Blink rC- Will+ Int+6}
 54836 | Elf:3    | Noticed an Ice Fiend
 54838 | Elf:3    | HP: 5/145 [deep elf high priest/damnation (25)]
 55125 | Elf:3    | Noticed a Brimstone Fiend
 55599 | Elf:3    | Got the Quarto of Transforming Terra Firma
 56016 | Shoals:1 | Entered Level 1 of the Shoals
 56474 | Shoals:1 | Reached skill level 15 in Invocations
 56699 | Shoals:1 | Found Huont's Antique Armour Shoppe.
 57110 | Shoals:2 | Reached skill level 14 in Staves
 57565 | Shoals:2 | Reached XP level 20. HP: 158/158 MP: 26/38
 57566 | Shoals:2 | Identified the +3 ring mail of Siampa {rCorr Stlth+}
 58105 | Shoals:2 | Identified the +10 scale mail "Ocuisafihi" {+Inv}
 60447 | Shoals:4 | Entered Level 4 of the Shoals
 60504 | Shoals:4 | Identified the +5 short sword "Vockeapp" {drain, *Corrode
                  | rElec Will+ Stlth+}
 60618 | Shoals:4 | Reached skill level 15 in Spellcasting
 61079 | Shoals:4 | Identified the +0 scale mail of Apathy {rElec rF+}
 61429 | Shoals:4 | Got Vidgh's Cyclopedia of Windy Conflict
 61887 | Shoals:4 | Got a barnacled rune of Zot
 61959 | Shoals:4 | Reached skill level 15 in Dodging
 62105 | Shoals:4 | Identified the +1 robe of Gravitas {Int+4}
 62755 | Vaults:1 | Entered Level 1 of the Vaults
 62938 | Vaults:1 | Found Lameciax's Assorted Antiques.
 62985 | D:12     | Reached skill level 15 in Staves
 63006 | D:12     | Bought a potion of brilliance for 52 gold pieces
 63006 | D:12     | Bought a potion of might for 52 gold pieces
 63006 | D:12     | Bought a potion of invisibility for 104 gold pieces
 63006 | D:12     | Bought a potion of magic for 104 gold pieces
 63006 | D:12     | Bought a potion of brilliance for 52 gold pieces
 63006 | D:12     | Bought a potion of invisibility for 104 gold pieces
 63145 | D:5      | Entered Level 5 of the Dungeon
 63934 | D:2      | Bought a scroll of blinking for 82 gold pieces
 63934 | D:2      | Bought a scroll of teleportation for 33 gold pieces
 63934 | D:2      | Bought a potion of curing for 33 gold pieces
 64188 | Vaults:1 | Bought a runed cloak for 195 gold pieces
 64871 | Vaults:1 | Reached skill level 15 in Stealth
 65051 | Vaults:1 | You fall into a shaft and drop 1 floor!
 65907 | Vaults:2 | Reached XP level 21. HP: 166/166 MP: 40/40
 66201 | Vaults:2 | Found a staircase to the Crypt.
 66818 | Vaults:2 | Identified the +1 robe of Anarchy {rC+++ rN+ Str+2 Int+4}
 67575 | Vaults:3 | Noticed Xtahua
 67588 | Vaults:3 | Killed Xtahua
 67702 | Vaults:3 | Reached skill level 16 in Staves
 67843 | Abyss:3  | Found a corrupted altar of Lugonu.
 67843 | Abyss:3  | Cast into level 3 of the Abyss (tengu reaver)
 67880 | Abyss:4  | Got an abyssal rune of Zot
 67933 | Vaults:3 | Escaped the Abyss
 67949 | Vaults:3 | Reached skill level 15 in Fighting
 67949 | Vaults:3 | Reached skill level 15 in Short Blades
 67949 | Vaults:3 | Reached skill level 15 in Long Blades
 67949 | Vaults:3 | Reached skill level 15 in Axes
 67949 | Vaults:3 | Reached skill level 15 in Maces & Flails
 67949 | Vaults:3 | Reached skill level 15 in Polearms
 67949 | Vaults:3 | Reached skill level 15 in Ranged Weapons
 67949 | Vaults:3 | Reached skill level 15 in Throwing
 67949 | Vaults:3 | Reached skill level 15 in Armour
 67949 | Vaults:3 | Reached skill level 15 in Shields
 67949 | Vaults:3 | Reached skill level 15 in Unarmed Combat
 67949 | Vaults:3 | Reached skill level 15 in Evocations
 68279 | Vaults:3 | Identified the +8 morningstar of the Slime-mould {holy,
                  | Will+}
 68617 | Vaults:3 | Noticed Nikola
 68633 | Vaults:3 | Killed Nikola
 70217 | Vaults:3 | Reached XP level 22. HP: 164/175 MP: 35/42
 70614 | Vaults:4 | Noticed Aizul
 70627 | Vaults:4 | Killed Aizul
 70650 | Vaults:4 | Noticed Jory
 70975 | Vaults:4 | Killed Jory
 71062 | Vaults:4 | Reached skill level 17 in Staves
 71063 | Vaults:4 | Noticed Sojobo
 71107 | Vaults:4 | Killed Sojobo
 72096 | Vaults:4 | Noticed Frederick
 72109 | Vaults:4 | Killed Frederick
 72264 | Vaults:4 | Noticed Mennas
 72270 | Vaults:4 | Learned a level 3 spell: Swiftness
 72298 | Vaults:4 | Killed Mennas
 73408 | Depths:1 | Entered Level 1 of the Depths
 73657 | Depths:1 | Identified the +1 chain mail of Ludd {rElec rPois rC-}
 73691 | Depths:1 | Found a gateway to Hell.
 73711 | Depths:1 | Found a sparkling altar of Nemelex Xobeh.
 73756 | Depths:1 | Reached skill level 15 in Summonings
 74680 | Depths:2 | Found a one-way gate to the infinite horrors of the Abyss.
 74704 | Depths:2 | Noticed Louise
 74733 | Depths:2 | Killed Louise
 75446 | Depths:2 | Reached XP level 23. HP: 175/183 MP: 19/43
 75578 | Depths:2 | Found a one-way gate leading to the halls of Pandemonium.
 75687 | Depths:2 | Found Mialeurph's Antique Weapon Emporium.
 76037 | Depths:2 | Identified the +5 scale mail "Bixi" {Regen+ Int+5}
 76089 | Depths:2 | Identified the +5 chain mail of Nolocupu {Will+ Str-5
                  | Stlth+}
 76159 | Depths:2 | Identified the +5 scale mail of Integrity {Str+4}
 76205 | Depths:2 | Found Haeqew's Distillery.
 76207 | Depths:2 | Found Keuviwk's Antique Armour Shoppe.
 76213 | Depths:2 | Bought a potion of haste for 170 gold pieces
 76213 | Depths:2 | Bought a potion of invisibility for 136 gold pieces
 76223 | Depths:2 | Learned a level 5 spell: Manifold Assault
 76228 | Depths:2 | Learned a level 2 spell: Wereblood
 76231 | Depths:2 | Learned a level 2 spell: Blink
 76232 | Depths:2 | Bought the +10 dark maul {vorpal} for 1800 gold pieces
 76232 | Depths:2 | Found the +10 dark maul {vorpal}
 76250 | Depths:2 | Identified the -1 pair of boots of the Wumpus {rElec}
 76323 | Depths:2 | Reached skill level 18 in Staves
 76324 | Depths:2 | Noticed Grunn
 76340 | Depths:2 | Killed Grunn
 76556 | Depths:3 | Noticed Parghit
 77449 | Vaults:5 | Entered Level 5 of the Vaults
 77467 | Vaults:5 | Noticed an ancient lich
 77490 | Vaults:5 | Killed an ancient lich
 77611 | Vaults:5 | Identified the +7 quarterstaff "Ylupti" {vamp, Dex+5}
 77768 | Vaults:5 | Identified the +7 rapier of Xaock {chaos, Fragile rPois
                  | Will+ Str+2 Int+5}
 77928 | Vaults:5 | Identified a scroll of acquirement
 77999 | Vaults:5 | Identified the +5 ring mail of Freedom {Str+8}
 78677 | Vaults:5 | Reached XP level 24. HP: 183/193 MP: 11/44
 78744 | Vaults:5 | Reached skill level 19 in Staves
 78842 | Vaults:5 | Identified the +8 morningstar "Zuweol" {flame, Int+3 Dex+3}
 79328 | Vaults:5 | Got the Spellbook of the Coals and the Spider
 79456 | Vaults:5 | Noticed an ancient lich
 79477 | Vaults:5 | Killed an ancient lich
 79663 | Vaults:5 | Identified the +6 quarterstaff of Conservatism {holy,
                  | Will+++ Str+4 Dex-2}
 80049 | Vaults:5 | Got a silver rune of Zot
 80794 | Lair:5   | Fell from the grace of Gozag
 80794 | Lair:5   | Became a worshipper of Jiyva Jufel the Shapeless
 80797 | Slime:1  | Entered Level 1 of the Pits of Slime
 81477 | Orc:2    | Bought a book of Touch for 364 gold pieces
 81477 | Orc:2    | Bought the Encyclopedia of the Congregated Jaunt for 672
                  | gold pieces
 81720 | Vaults:2 | Learned a level 4 spell: Dispel Undead
 81721 | Crypt:1  | Entered Level 1 of the Crypt
 81893 | Crypt:1  | Noticed an ancient lich
 81905 | Crypt:1  | Killed an ancient lich
 82447 | Crypt:1  | Reached * piety under Jiyva
 82496 | Crypt:1  | Identified the +2 pair of boots "Iwkuwum" {rC- rN+++ Will-
                  | Dex+8}
 83239 | Crypt:2  | Reached ** piety under Jiyva
 83673 | Crypt:2  | Reached *** piety under Jiyva
 83837 | Crypt:2  | Gained mutation: Your translucent skin slightly reduces
                  | your foes' accuracy. (Stealth+) [Jiyva's grace]
 83837 | Crypt:2  | Gained mutation: Your translucent skin reduces your foes'
                  | accuracy. (Stealth+) [Jiyva's grace]
 83837 | Crypt:2  | Gained mutation: Your transparent skin significantly
                  | reduces your foes' accuracy. (Stealth+) [Jiyva's grace]
 83837 | Crypt:2  | Gained mutation: Your system is resistant to poisons.
                  | (rPois) [Jiyva's grace]
 83893 | Crypt:3  | Entered Level 3 of the Crypt
 84012 | Crypt:3  | Reached skill level 20 in Staves
 84118 | Crypt:3  | Reached **** piety under Jiyva
 84193 | Crypt:3  | Identified the ring of Scepticism {rPois Dex+6}
 84220 | Crypt:3  | Reached XP level 25. HP: 169/198 MP: 43/44
 84815 | Crypt:3  | Noticed an ancient lich
 84824 | Crypt:3  | Killed an ancient lich
 84946 | Crypt:3  | Found a basalt altar of Yredelemnul.
 84954 | Crypt:3  | Found an ancient bone altar of Kikubaaqudgha.
 84971 | Crypt:3  | Got Role Uno's Directory of Dark Deeds
 84973 | Crypt:3  | Identified the ring "Xaihaumu" {Will++ Int+6 Dex+4 Slay-3
                  | SInv}
 85006 | Crypt:3  | Got the Textbook on Toxins
 85007 | Crypt:3  | Identified the ring "Ociwut" {Fire +Blink Stlth+}
 85074 | Crypt:3  | Found a staircase to the Tomb.
 85744 | Slime:1  | Found a viscous altar of Jiyva.
 86272 | Slime:5  | Entered Level 5 of the Pits of Slime
 86463 | Slime:5  | Found a viscous altar of Jiyva.
 86519 | Slime:5  | Noticed the Royal Jelly
 87427 | Depths:3 | Killed Parghit
 87745 | Depths:3 | Identified the ring "Qocips" {Ice *Slow rN+ Str+3 Slay+3}
 87745 | Depths:3 | Noticed Josephina
 87756 | Depths:3 | HP: 9/193 [Josephina/seracfall (70)]
 87757 | Depths:3 | Killed from afar by Josephina

Illustrated notes

Levels and vault maps discovered:
D:1:      roderic_crossed_star, layout_rooms, hellmonk_ecumenical_altar_blasted
D:2:      layout_basic, serial_shops, nicolae_shop_statue_plus
D:3:      layout_rooms, eat_drink_and_be_merry_uskayaw,
          kiku_gazebo_garden_becter, mainiacjoe_overflow_alcove_1,
          mainiacjoe_overflow_catwalk, chequers_serial_rivers_large_b,
          uniq_jessica, uniq_natasha
D:4:      kennysheep_goblin_castle, layout_basic
D:5:      layout_basic
D:6:      layout_basic, minmay_temple_entry_trees, minmay_chambers_of_fives,
          uniq_sigmund, uniq_maggie
D:7:      layout_basic, kennysheep_little_box, gammafunk_ghost_gnarly_gnolls,
          minmay_crystal_room
D:8:      layout_rooms, kennysheep_okawaru_gauntlet, dpeg_oklobed_lair,
          hangedman_abyss_or_decor_clamps, uniq_pikel
D:9:      layout_irregular_city, chequers_hall_statues_y
D:10:     layout_grid_maze, uniq_lodul
D:11:     layout_loops_ring, serial_park_tiny_2, kennysheep_path_1
D:12:     minmay_polygon_palace, layout_basic, david_orc_2, serial_shops,
          nicolae_take_the_stairs, shop, shop, pond
D:13:     layout_roguey, skrybe_vaults_entry_preservation, uniq_rupert
D:14:     layout_rooms, nicolae_ru_sacrificial_ziggurat,
          gammafunk_ghost_berserking_beasts, serial_shops, shop
D:15:     grunt_enter_depths_hoard, layout_stronghold,
          chequers_serial_rivers_micro_a, enter_trove_3, grunt_decor_arrowhead
Lair:1:   layout_cave_pods, nicolae_volcano_entry_s_turn
Lair:2:   layout_regular_city, lemuel_fruit_tree, serial_bayou_shore_a
Lair:3:   layout_concentric_octagons, elwin_shoals_entry_stream,
          dummy_spider_entry
Lair:4:   layout_roguey, chequers_serial_rivers_small_a
Lair:5:   guppyfry_lair_end_dragon, layout_regular_city,
          hangedman_lair_tendril_chambers, minmay_slime_entry_oklob_open,
          infiniplex_staircase_pool, uniq_nessos
Shoals:1: layout_shoals, serial_shops, nicolae_shop_hallway_plus
Shoals:2: layout_shoals
Shoals:3: layout_shoals, nicolae_shoals_wave_tunnel
Shoals:4: shoals_end_simple, layout_shoals
Spider:1: layout_spider_delve
Spider:2: layout_spider_delve, drop_trap, nicolae_spider_cling_halls,
          uniq_arachne
Spider:3: layout_cave_pods, hangedman_spider_mandibles
Spider:4: spider_rune_water
Slime:1:  layout_caves, basic_altar, cheibrodos_slime_lost_civilization_5
Slime:2:  layout_caves, nicolae_slime_welcoming_committee
Slime:3:  layout_caves
Slime:4:  layout_caves
Slime:5
Orc:1:    layout_caves, serial_shops, nicolae_shop_behind_doors, uniq_erica,
          uniq_sonja
Orc:2:    st_orc_ogre_mass, layout_diamond_mine, portal_ice_cave_rime,
          gauntlet_entry_generic, roderic_batcave
Elf:1:    minmay_elf_arrival_circle, layout_gridlike, minmay_elf_annihilation,
          ebering_dispersal_statue_hall, st_stairs_4
Elf:2:    elven_hall_of_blades_hangedman_alternative
          [nicolae_blade_entry_crossed_weapons], layout_loops_corners,
          amcnicky_mini_rare_corridor_liquid,
          nicolae_concentric_dashed_squares_mild, minmay_shop_grove, uniq_louise
Elf:3:    minmay_elf_hall_dome, layout_rooms, item_on_display_a
Vaults:1: vaults_room_door_ring, vaults_dpeg_ring, v_rooms_2, st_squares,
          hangedman_vaults_hat, ontoclasm_vaults_ring_small,
          nicolae_vaults_mini_display_case, v_rooms_1, vaults_room_hallway,
          vaults_dpeg_encased_lava, nicolae_vaults_yaktaur_gun_rack,
          layout_vaults_omnicross, serial_shops, nicolae_shop_statue_plus
Vaults:2: v_misc_5, hangedman_vaults_stitches, v_rooms_6, st_lines,
          vaults_room_corners, nicolae_vaults_border_crossing,
          hangedman_vaults_restitches, layout_vaults_big_room,
          blue_anna_dwarven_crypt
Vaults:3: v_misc_17, nicolae_vaults_network_quinsquares
          [nicolae_vaults_network_quincunx_subvault,
          nicolae_vaults_network_quincunx_subvault,
          nicolae_vaults_network_quincunx_subvault,
          nicolae_vaults_network_quincunx_subvault], grunt_vaults_swirl,
          hangedman_vaults_corner, hangedman_vaults_stagger,
          vaults_room_door_ring, ontoclasm_vaults_ring_large,
          nicolae_vaults_three_branches, nicolae_vaults_alarming,
          nicolae_vaults_quadrants, hangedman_vaults_impose,
          layout_vaults_maze_bifur, uniq_xtahua, uniq_nikola
Vaults:4: mu_enter_wizlab_1, nicolae_vaults_ninety_degrees,
          nicolae_vaults_asterisk, vaults_dpeg_diagonal, vaults_mumra_hexcomb,
          serial_ice_b, v_alt_pattern_2, nicolae_vaults_network_barrier,
          layout_vaults_quadrants, uniq_margery, uniq_mennas, uniq_frederick,
          uniq_jory, uniq_sojobo, uniq_aizul
Vaults:5
Crypt:1:  layout_basic, minicrypt_bobbens, grunt_megastairs_3
Crypt:2:  layout_regular_city
Crypt:3:  lightli_unholy_cathedral, layout_chaotic_city,
          nicolae_tomb_entry_unfolded_pyramid_orthogonal, grunt_ministairs_5,
          lemuel_statue_altar, st_stairs_9
Depths:1: layout_forbidden_donut, grunt_mini_vestibule, minmay_misc_feat_alley,
          nemelex_xobeh_ov_fountains_minmay
Depths:2: minmay_fractal_lines_corner, layout_cave_pools,
          nicolae_abyss_entry_one_way_or_another, hell_entry,
          rand_demon_pan_entry_8, infiniplex_staircase_trident,
          minmay_shop_star, uniq_grunn
Depths:3: grunt_runaround [grunt_runaround_doors_1, grunt_runaround_doors_2,
          grunt_runaround_doors_3, grunt_runaround_doors_4,
          grunt_runaround_loot], hell_entry, abyss_entry, uniq_josephina,
          uniq_parghit

Skill      XL: |  1  2  3  4  5  6  7  8  9 10 11 12 13 14 15 16 17 18 19 20 21 22 23 24 25 |
---------------+----------------------------------------------------------------------------+-----
Spellcasting   | 5 6 7 8 9 10 11 12 13 14 15 16 17 18 | 18.1
Fighting       | 1 2 3 5 6 7 8 9 10 11 12 13 14 15 16 17 | 17.4
Short Blades   | 1 2 3 5 6 7 8 9 10 11 12 13 14 15 16 17 | 17.4
Long Blades    | 1 2 3 5 6 7 8 9 10 11 12 13 14 15 16 17 | 17.4
Axes           | 1 2 3 5 6 7 8 9 10 11 12 13 14 15 16 17 | 17.4
Maces & Flails | 1 2 3 5 6 7 8 9 10 11 12 13 14 15 16 17 | 17.4
Polearms       | 1 2 3 5 6 7 8 9 10 11 12 13 14 15 16 17 | 17.5
Staves         | 1 2 3 5 6 7 8 9 10 11 12 13 14 15 16 17 18 20 | 20.3
Ranged Weapons | 1 2 3 5 6 7 8 9 10 11 12 13 14 15 16 17 | 17.4
Throwing       | 1 2 3 5 6 7 8 9 10 11 12 13 14 15 16 17 | 17.4
Armour         | 1 2 3 5 6 7 8 9 10 11 12 13 14 15 16 17 | 17.4
Shields        | 1 2 3 5 6 7 8 9 10 11 12 13 14 15 16 17 | 17.4
Unarmed Combat | 1 2 3 5 6 7 8 9 10 11 12 13 14 15 16 17 | 17.4
Invocations    | 1 2 3 4 5 6 7 8 10 11 12 13 14 15 16 17 18 | 18.9
Evocations     | 1 2 3 5 6 7 8 9 10 11 12 13 14 15 16 17 | 17.4
Conjurations   | 1 2 3 4 5 6 7 8 9 10 11 12 13 14 | 14.8
Hexes          | 1 2 3 4 5 6 7 8 9 10 11 12 13 14 | 14.8
Necromancy     | 1 2 3 4 5 6 7 8 9 10 11 12 13 14 | 14.8
Translocations | 1 2 3 4 5 6 7 8 9 10 11 12 13 14 | 14.8
Transmutations | 1 2 3 4 5 6 7 8 9 10 11 12 13 14 | 14.8
Fire Magic     | 1 2 3 4 5 6 7 8 9 10 11 12 13 14 | 14.8
Ice Magic      | 1 2 3 4 5 6 7 8 9 10 11 12 13 14 | 14.8
Air Magic      | 1 2 3 4 5 6 7 8 9 10 11 12 13 14 | 14.8
Earth Magic    | 1 2 3 4 5 6 7 8 9 10 11 12 13 14 | 14.8
Poison Magic   | 1 2 3 4 5 6 7 8 9 10 11 12 13 14 | 14.8
Dodging        | 5 6 7 8 9 10 11 12 13 14 15 16 17 18 | 18.0
Stealth        | 5 6 7 8 9 10 11 12 13 14 15 16 17 | 17.9
Summonings     | 8 9 10 11 12 13 14 15 16 | 16.3

Action                   |  1- 3 |  4- 6 |  7- 9 | 10-12 | 13-15 | 16-18 | 19-21 | 22-24 | 25-27 || total
-------------------------+-------+-------+-------+-------+-------+-------+-------+-------+-------++-------
Melee: Dagger            |    18 |   111 |    82 |   101 |   210 |   248 |    37 |     7 |       ||   814
       Bite              |     2 |    16 |    14 |    13 |    34 |    82 |   155 |    16 |       ||   332
       Punch             |       |     3 |     5 |     7 |       |       |    19 |   125 |    12 ||   171
       War axe           |       |       |       |    24 |       |   117 |   126 |       |       ||   267
       Broad axe         |       |       |       |       |       |       |   297 |    60 |       ||   357
       Short sword       |       |       |       |       |       |       |   258 |       |       ||   258
       Flail             |       |       |       |       |       |       |   118 |       |       ||   118
       Unarmed           |       |       |       |       |       |       |   124 |   903 |   119 ||  1146
       Morningstar       |       |       |       |       |       |       |    26 |     3 |       ||    29
       Maul              |       |       |       |       |       |       |       |    35 |       ||    35
 Cast: Summon Small Mamm |    27 |    22 |    20 |    15 |     6 |     8 |     4 |       |       ||   102
       Call Imp          |     6 |    11 |    12 |    12 |     2 |     4 |     3 |       |       ||    50
       Call Canine Famil |     4 |    11 |    29 |    38 |    26 |    39 |    20 |     1 |       ||   168
       Summon Guardian G |       |     4 |    26 |    36 |    64 |     3 |     3 |     2 |       ||   138
       Summon Lightning  |       |       |    11 |    62 |   159 |    31 |    12 |    13 |     1 ||   289
       Foxfire           |       |       |     5 |   134 |   525 |   142 |    31 |       |       ||   837
       Summon Mana Viper |       |       |       |       |     2 |   137 |   162 |    73 |    10 ||   384
       Summon Cactus Gia |       |       |       |       |     1 |   105 |   111 |    46 |     4 ||   267
       Summon Forest     |       |       |       |       |     1 |    87 |    70 |    45 |     3 ||   206
       Apportation       |       |       |       |       |       |     8 |       |       |       ||     8
       Stone Arrow       |       |       |       |       |       |     2 |     5 |     1 |       ||     8
       Yara's Violent Un |       |       |       |       |       |       |    31 |       |       ||    31
       Storm Form        |       |       |       |       |       |       |    12 |    67 |    13 ||    92
       Swiftness         |       |       |       |       |       |       |       |     3 |       ||     3
       Manifold Assault  |       |       |       |       |       |       |       |    58 |     5 ||    63
       Wereblood         |       |       |       |       |       |       |       |    10 |     7 ||    17
       Dispel Undead     |       |       |       |       |       |       |       |     2 |       ||     2
Invok: Potion Petition   |       |       |       |     1 |       |       |     4 |     2 |       ||     7
 Abil: Blinkbolt         |       |       |       |       |       |       |       |     1 |       ||     1
Evoke: Wand              |       |     1 |     6 |     2 |    12 |    13 |     2 |     1 |       ||    37
       Condenser vane    |       |       |       |       |       |       |     1 |       |       ||     1
  Use: Scroll            |     4 |    10 |     7 |     7 |    15 |    13 |    13 |     8 |     4 ||    81
       Potion            |       |     1 |     2 |     7 |     7 |     7 |     9 |     9 |     1 ||    43
 Stab: Sleeping          |     4 |     5 |     4 |     4 |     9 |    11 |    13 |     5 |       ||    55
       Distracted        |       |     1 |     1 |     2 |    10 |    11 |    39 |    31 |     1 ||    96
       Invisible         |       |     1 |       |       |     1 |       |       |       |       ||     2
       Petrified         |       |       |       |       |     1 |       |       |       |       ||     1
Armor: Robe              |     5 |    34 |    31 |   102 |   155 |   159 |   254 |    32 |       ||   772
       Skin              |       |       |       |       |       |       |    16 |   157 |    22 ||   195
Dodge: Dodged            |    18 |   111 |   100 |   260 |   332 |   372 |   943 |   944 |   136 ||  3216
Block: Buckler           |       |       |       |    30 |   205 |   245 |   590 |    44 |       ||  1114
